Map: Dusk Towers

Players

MorN - Winner!

  • Race: Terran Terran
  • League: Master

Mariuslol

  • Race: Zerg Zerg
  • League: Diamond

VOD

Have the link to the VOD?

Description

Time

  • Played on: Nov. 20, 2015, 3:25 p.m.
  • Length: 18:10
Show
View Real Time Build Order
Export as new Build Order

MorN Terran - Winner!

Build Orders: Command Center First (CC), Liberator Opening, Bio Tank, MMM Bio 

Get SALT Encoding   

  12  0:01  SCV  
  13  0:13  SCV  
  14  0:17  Supply Depot  
  14  0:25  SCV  
  15  0:39  SCV  
  16  0:56  Command Center  
  16  1:00  SCV  
  17  1:05  Refinery  
  17  1:13  SCV  
  18  1:20  Barracks  
  18  1:25  SCV  
  19  1:37  SCV  
  20  1:49  SCV  
  21  2:09  Factory, Orbital Command x2  
  21  2:10  Marine  
  22  2:29  Barracks Reactor  
  22  2:35  Refinery  
  22  2:36  SCV  
  23  2:37  SCV  
  24  2:48  SCV  
  24  2:49  SCV  
  26  2:55  Supply Depot  
  26  3:02  Starport  
  26  3:13  Hellion  
  26  3:14  Barracks Reactor, Hellion  
  26  3:15  SCV x2  
  31  3:25  Command Center  
  32  3:27  SCV x2  
  33  3:38  Hellion x2  
  33  3:39  SCV x2  
  39  3:42  Supply Depot  
  39  3:46  Liberator  
  39  3:49  Liberator  
  39  3:53  SCV  
  39  3:54  SCV  
  41  4:01  Hellion x2  
  45  4:09  Supply Depot, SCV  
  52  4:10  SCV  
  52  4:14  Barracks Tech Lab  
  53  4:21  SCV  
  53  4:23  Supply Depot  
  54  4:30  SCV  
  55  4:32  Factory Reactor  
  55  4:34  Barracks  
  55  4:37  Barracks  
  55  4:39  Orbital Command  
  55  4:40  Stimpack  
  55  4:45  SCV  
  55  4:46  SCV  
  55  4:47  Refinery  
  57  4:58  SCV x2  
  59  5:00  Supply Depot, Refinery  
  59  5:10  SCV x2, Marine  
  62  5:17  Factory Tech Lab  
  60  5:34  Marine x3  
  60  5:35  Medivac x2  
  58  5:41  SCV x3  
  57  5:48  Barracks  
  57  5:50  Engineering Bay, Barracks  
  57  5:51  Marine x2  
  57  5:52  Marine  
  57  5:53  SCV x2, Engineering Bay  
  57  5:54  SCV  
  63  5:59  Supply Depot  
  63  6:03  Supply Depot  
  63  6:12  Marine x3  
  63  6:13  Marine x2  
  63  6:14  Medivac x2  
  63  6:17  SCV x2  
  74  6:19  Supply Depot  
  74  6:21  Terran Infantry Weapons Level 1, Terran Infantry Armor Level 1  
  74  6:22  SCV  
  74  6:24  Supply Depot  
  72  6:29  Siege Tank  
  72  6:30  Marine x4  
  72  6:31  Marine  
  80  6:38  Barracks Reactor x2  
  80  6:39  SCV  
  81  6:42  Orbital Command  
  81  6:43  Combat Shields, Supply Depot  
  81  6:48  SCV, Marine  
  81  6:51  Marine x3  
  81  6:53  Marauder  
  88  7:02  Siege Tank  
  89  7:20  Marine  
  89  7:21  Marauder, Marine x4  
  89  7:22  Medivac x2  
  92  7:24  SCV x3  
  95  7:36  SCV, Marine x2  
  96  7:39  Supply Depot, Liberator  
  96  7:40  Marine x4  
  96  7:42  Marauder  
  96  7:43  Armory  
  103  7:45  Siege Tank  
  103  7:47  Starport  
  106  7:52  Marine x2  
  106  7:54  Marine  
  106  7:58  SCV x2  
  114  8:00  SCV, Refinery  
  114  8:01  Refinery  
  114  8:04  Supply Depot  
  114  8:05  Supply Depot  
  115  8:10  SCV x2, Marine x4  
  121  8:15  Marine x2  
  121  8:16  Bunker  
  126  8:21  Siege Tank  
  126  8:24  Marine  
  126  8:25  Marine x2  
  131  8:40  Marine x2  
  131  8:41  Marine x3  
  120  8:45  Starport Reactor  
  120  8:47  Terran Infantry Weapons Level 2  
  120  8:48  Terran Infantry Armor Level 2  
  118  8:50  Starport Reactor  
  118  8:56  Barracks  
  118  8:57  Command Center, Barracks x2  
  118  9:02  Marauder, Marine x5  
  125  9:10  SCV x3  
  125  9:11  Liberator x3  
  125  9:15  Supply Depot  
  125  9:16  Supply Depot  
  128  9:20  Supply Depot  
  128  9:21  Supply Depot, Marine x6  
  128  9:22  SCV x3  
  128  9:23  Marauder  
  139  9:26  Marine  
  149  9:34  Supply Depot, SCV x3  
  152  9:45  Marauder  
  154  9:46  SCV, Marine x4  
  154  9:47  Barracks Reactor, Barracks Tech Lab x2  
  154  9:48  Marine x2  
  154  9:51  SCV x2  
  154  9:52  Liberator  
  163  9:54  Liberator  
  163  9:55  Siege Tank  
  166  10:06  Marauder, Marine x3  
  173  10:07  Supply Depot, Marauder  
  179  10:28  Marauder  
  178  10:37  Marine x6  
  178  10:38  Marine, Marauder x2  
  189  10:49  Marauder  
  191  10:51  Marine x3  
  191  10:52  Siege Tank, Medivac  
  199  10:59  Command Center  
  183  11:26  Marine x2  
  183  11:27  Marine  
  183  11:30  Marine x4  
  190  11:35  Medivac x2, Marine  
  190  11:36  Marine x2  
  197  11:46  Marine x3  
  200  12:08  Refinery  
  200  12:09  Missile Turret  
  200  12:10  Liberator x3  
  200  12:11  Refinery  
  200  12:15  Marauder, Marine x2  
  199  12:16  Marine  
  199  12:20  Planetary Fortress  
  200  12:34  Liberator  
  197  12:43  Marine  
  138  12:45  Marine x2  
  138  12:48  Marine  
  138  12:49  Marine x2  
  138  12:50  Marauder  
  131  12:52  Liberator x2  
  131  12:53  Liberator  
  131  12:57  Marine x3  
  131  12:58  Supply Depot, Siege Tank, Marauder x2  
  141  12:59  Terran Infantry Weapons Level 3, Terran Infantry Armor Level 3  
  141  13:02  Marine x2  
  143  13:11  Marauder  
  154  13:17  Marine x5  
  154  13:18  Marine x2  
  154  13:19  Marauder x2  
  165  13:28  Marine x3  
  165  13:32  Marauder  
  165  13:33  Siege Tank, Medivac  
  175  13:34  Marine x2  
  175  13:35  Marine  
  175  13:39  Marine x4  
  175  13:41  Marauder x2  
  183  13:48  Marine x2  
  183  13:52  Medivac x2, Marine x2  
  183  13:53  Medivac  
  183  13:54  Marauder  
  193  13:57  Liberator  
  193  13:59  Marine x2  
  193  14:02  Marauder x2  
  182  14:05  Liberator x3  
  182  14:06  Marine x2  
  182  14:07  Marine x3  
  180  14:15  Marauder  
  178  14:20  Marine x4  
  178  14:23  Marauder x2  
  195  14:27  Marine x4  
  198  14:32  Marine  
  198  14:35  SCV  
  200  15:03  Refinery  
  200  15:07  Refinery  
  200  15:40  Sensor Tower  
  181  16:24  Marine x2  
  181  16:25  Marine x2, Marauder  
  182  16:26  Marauder, Liberator, Marine x3  
  182  16:27  Liberator x2, Marauder  
  188  16:33  Marine x2  
  169  16:42  Marine x2  
  169  16:43  Marine x2  
  169  16:44  Marine x3  
  169  16:46  Marauder  
  177  16:47  Marine, Marauder  
  177  16:58  Liberator  
  174  17:04  Marine x4  
  174  17:05  Marine  
  174  17:06  Marauder  
  174  17:08  Marauder  
  177  17:09  Marauder, Liberator  
  177  17:10  Marine x3  
  177  17:14  Marine  
  183  17:22  Marine  
  184  17:27  Marauder, Marine x2  
  184  17:28  Marine  
  184  17:29  Marauder  
  194  17:30  Marauder  
  194  17:31  Marine  
  194  17:33  Marine x2  
  199  17:37  Marine  
Show
View Real Time Build Order
Export as new Build Order

Mariuslol Zerg 

Build Orders: Hatch First 

Get SALT Encoding   

  12  0:00  Drone  
  13  0:14  Overlord  
  13  0:22  Overlord  
  13  0:27  Drone  
  14  0:33  Drone  
  15  0:36  Drone  
  16  0:46  Drone  
  17  1:02  Hatchery  
  16  1:04  Drone  
  16  1:08  Extractor  
  16  1:09  Drone  
  17  1:20  Drone  
  18  1:31  Spawning Pool  
  17  1:36  Drone  
  18  1:40  Drone  
  19  1:51  Drone  
  20  2:02  Overlord  
  20  2:17  Metabolic Boost  
  20  2:18  Queen x2  
  20  2:22  Zergling x4  
  26  2:29  Zergling x2  
  27  2:31  Drone  
  28  2:37  Drone x2  
  30  2:45  Drone  
  30  2:50  Drone  
  32  2:53  Queen  
  32  2:54  Queen  
  36  3:02  Overlord  
  36  3:03  Drone  
  37  3:13  Drone x2  
  39  3:21  Hatchery  
  38  3:30  Drone x5  
  44  3:34  Drone  
  44  3:35  Drone  
  44  3:39  Drone x2  
  47  3:50  Overlord  
  47  3:51  Zergling x4  
  47  3:55  Roach Warren  
  48  3:58  Lair  
  48  4:01  Overlord  
  48  4:10  Zergling x2  
  48  4:11  Zergling x10  
  48  4:15  Overlord  
  55  4:17  Drone  
  55  4:19  Drone  
  56  4:27  Extractor x2  
  56  4:29  Drone x2  
  56  4:34  Drone  
  57  4:41  Drone x7  
  57  4:43  Drone  
  57  4:44  Queen  
  63  4:53  Roach x2  
  63  4:55  Roach  
  67  5:00  Glial Reconstitution  
  67  5:07  Overlord  
  67  5:08  Roach  
  67  5:12  Roach  
  71  5:17  Roach x2  
  75  5:22  Roach  
  75  5:26  Spore Crawler  
  75  5:31  Drone  
  75  5:32  Drone x2  
  73  5:40  Drone x3  
  73  5:41  Drone x2  
  74  5:48  Spore Crawler, Drone x3  
  75  5:52  Hatchery, Drone  
  75  6:01  Drone x2  
  75  6:03  Drone x4  
  81  6:05  Drone, Extractor x2  
  81  6:09  Drone  
  81  6:17  Drone  
  81  6:18  Drone x2  
  83  6:28  Overlord x6  
  83  6:36  Extractor  
  83  6:37  Drone  
  83  6:38  Drone, Spore Crawler  
  83  6:46  Drone x2  
  85  6:48  Roach x2  
  91  6:54  Roach x4  
  91  6:55  Roach x2  
  101  7:07  Overlord  
  101  7:08  Roach x2  
  105  7:09  Roach x4  
  113  7:17  Hatchery  
  113  7:21  Overlord x2  
  113  7:22  Ravager x3, Roach x2  
  117  7:23  Ravager  
  117  7:27  Spine Crawler  
  117  7:28  Drone  
  117  7:29  Spine Crawler  
  117  7:35  Roach x3  
  123  7:46  Drone x5  
  123  7:50  Spine Crawler  
  127  7:52  Overlord  
  127  7:53  Spine Crawler, Roach x2  
  127  7:54  Overseer x2  
  130  7:58  Evolution Chamber  
  129  8:08  Overlord  
  129  8:09  Drone  
  129  8:10  Drone x7  
  137  8:18  Ravager x4  
  137  8:19  Ravager x4  
  145  8:27  Overlord  
  145  8:29  Roach x5  
  145  8:30  Roach  
  144  8:42  Overlord  
  144  8:43  Drone x6  
  144  8:44  Drone x2  
  152  8:50  Spore Crawler  
  152  8:52  Drone, Spine Crawler x2  
  152  8:53  Zerg Missile Weapons Level 1  
  152  8:54  Drone  
  152  8:55  Drone x4  
  155  9:04  Evolution Chamber, Infestation Pit  
  155  9:06  Spine Crawler  
  155  9:08  Roach  
  155  9:09  Roach x3  
  160  9:10  Pneumatized Carapace  
  160  9:31  Extractor  
  160  9:32  Extractor  
  160  9:33  Spine Crawler, Roach  
  160  9:34  Roach x13  
  185  9:50  Drone x3  
  185  9:51  Drone x4  
  192  9:53  Nydus Network  
  192  9:55  Roach x3  
  197  10:01  Hatchery  
  197  10:05  Overseer  
  196  10:09  Zerg Ground Armor Level 1  
  196  10:24  Spine Crawler x2  
  190  10:44  Nydus Canal  
  190  10:48  Drone x8  
  190  10:49  Drone x4  
  197  10:59  Hive  
  197  11:00  Hydralisk Den  
  188  11:12  Overseer  
  175  11:18  Spine Crawler  
  175  11:19  Spore Crawler  
  175  11:22  Baneling Nest, Spine Crawler  
  175  11:25  Spine Crawler  
  170  11:26  Spine Crawler  
  170  11:28  Spire  
  170  11:29  Spire  
  170  11:30  Spine Crawler  
  170  11:32  Drone x2  
  162  11:33  Drone  
  163  11:41  Zerg Melee Weapons Level 1  
  163  11:44  Muscular Augments  
  165  11:47  Roach x6  
  165  11:48  Roach x10  
  195  11:57  Drone  
  195  11:58  Drone x4  
  200  12:03  Zerg Missile Weapons Level 2  
  198  12:16  Ravager x2  
  198  12:26  Overlord x6  
  198  12:31  Overlord x5  
  196  12:43  Hydralisk x4  
  196  12:44  Hydralisk x7  
  148  12:45  Hydralisk  
  148  12:47  Roach x9  
  160  12:59  Roach x3  
  160  13:00  Roach x5  
  176  13:05  Extractor  
  176  13:06  Extractor  
  174  13:14  Roach x11  
  196  13:27  Nydus Canal  
  196  13:29  Overseer x2  
  196  13:31  Drone x4  
  200  13:39  Ultralisk Cavern  
  199  13:47  Spine Crawler  
  198  13:49  Spine Crawler  
  198  13:55  Overseer  
  146  14:13  Hydralisk x8  
  146  14:14  Hydralisk x5  
  146  14:15  Roach  
  146  14:16  Roach x5  
  148  14:27  Roach x10  
  167  14:34  Zerg Melee Weapons Level 2  
  167  14:39  Drone x3  
  170  14:48  Ultralisk  
  170  14:50  Ultralisk  
  170  14:52  Zergling x2  
  189  15:00  Ultralisk  
  189  15:09  Ultralisk  
  195  15:26  Hatchery  
  195  15:27  Ultralisk  
  192  16:08  Ultralisk x2  
  192  16:09  Ultralisk  
  183  16:30  Hatchery  
  152  16:34  Ultralisk  
  152  16:35  Ultralisk x4  
  152  16:36  Zergling x6  
  155  16:42  Hydralisk x2  
  108  17:11  Hydralisk x3  
  114  17:22  Hatchery, Hydralisk  
  111  17:23  Ultralisk, Zergling x2  
  111  17:24  Zergling x4  
  120  17:34  Overseer  
  120  17:36  Hydralisk x2  
  124  17:39  Hydralisk  
  124  17:42  Hydralisk  
  128  17:48  Zergling x4  
Tags
 
Add a new tag
Caveats
  • Supply blocks, unpowered buildings, or Contaminate may cause inaccurate times.
  • Supply counts are checked every 10 seconds.